 Dungeon Crawl Stone Soup version 0.17-a0-1805-g6093636 (webtiles) character file.

896 4thArraOfDagon the Ruffian (level 7, -9/71 HPs)
             Began as a Troll Chaos Knight on Sept 12, 2015.
             Mangled by a crocodile (13 damage)
             ... on level 9 of the Dungeon.
             The game lasted 00:07:49 (1392 turns).

4thArraOfDagon the Ruffian (Troll Chaos Knight)     Turns: 1392, Time: 00:07:49

Health: -9/71      AC:  8    Str: 23      XL:     7   Next: 78%
Magic:  6/6        EV:  8    Int: 10      God:    Xom [....*.]
Gold:   114        SH:  0    Dex:  8 (9)  Spells: 0 memorised, 6 levels left

rFire  . . .     SeeInvis +       - Unarmed
rCold  . . .     Clarity  .     a - +2 robe
rNeg   . . .     SustAt   .     k - +0 shield
rPois  .         Gourm    +     (helmet restricted)
rElec  .         Spirit   .     (no cloak)
rCorr  .         Warding  .     (gloves unavailable)
rMut   .         Stasis   .     (boots unavailable)
MR     .....                    (no amulet)
Stlth  ..........               j - ring of see invisible
                                i - ring of loudness

@: confused, lethally poisoned (-9 -> -21), not resistant to hostile
enchantments, extremely unstealthy
A: unfitting armour, claws 3, fast metabolism 3, gourmand, regeneration 2,
shaggy fur 2, strong 1, tough skin 2
a: Renounce Religion


You were on level 9 of the Dungeon.
You worshipped Xom.
You were a beloved toy of Xom.
You were full.

You visited 2 branches of the dungeon, and saw 10 of its levels.

You collected 114 gold pieces.

Inventory:

Armour
 a - a +2 robe (worn)
 k - a +0 shield (worn)
Jewellery
 i - a ring of loudness (left claw)
 j - a ring of see invisible (right claw)
Magical devices
 s - a wand of magic darts (25)
Scrolls
 c - 3 scrolls of identify
 d - a scroll of remove curse
 g - a scroll of magic mapping
 m - a scroll of teleportation {unknown}
 o - a scroll of fear {unknown}
 q - 2 scrolls of noise
 t - a scroll of immolation {unknown}
Potions
 e - 2 potions of magic
 n - a potion of brilliance
Comestibles
 b - 7 bread rations
 f - 2 beef jerkies
 h - 9 royal jellies
 l - a meat ration
 p - a slice of pizza


   Skills:
 + Level 4.4 Fighting
 + Level 3.7 Dodging
 * Level 2.7 Shields
 * Level 6.2 Unarmed Combat


You had 6 spell levels left.
You didn't know any spells.

Dungeon Overview and Level Annotations

Branches:
Dungeon (9/15)             Temple (1/1) D:5
   Lair: D:8-11         Orc: D:9-12

Altars:
Ashenzari
Dithmenos
Elyvilon
Fedhas
Gozag
Makhleb
Nemelex Xobeh
Okawaru
Qazlal
Ru
Sif Muna
Trog
Vehumet
Yredelemnul
Zin
The Shining One

Shops:
D:7 (   D:9 [

Annotations:
D:9 PeterLawrence's ghost, experienced MiFi


Innate Abilities, Weirdness & Mutations

You are too large for most types of armour.
You have claws for hands.
Your metabolism is lightning-fast.
You like to eat raw meat.
You heal very quickly.
You are covered in thick fur (AC +2).
You have very tough skin (AC +2).
Your muscles are strong. (Str +2)


Message History

The crocodile bites you.
The ogre hits you with a giant spiked club!!
* * * LOW HITPOINT WARNING * * *
Your shadow imp hits the crimson imp.
An orc priest comes into view. It is wielding a short sword.
Unknown command.
You claw the ogre!
The ogre is severely wounded.
You feel sick.
The crimson imp barely misses your shadow imp.
The crimson imp hits you but does no damage.
The orc wizard miscasts a cantrip.
PeterLawrence's ghost hits you.
You die... "Just one more try."
Xom revives you!
You are lethally poisoned!
The crocodile bites you!
You die...
Xom howls with laughter!

#....... #.......
################.......
#.........t............
#.......5..5..5........
######.5########..#####
#..# #..# #Wt# #..#
#@.# #..# #O5# #..#
#So# #..# #oo# #..#
..o. .... #####


You could see a crocodile, an ogre, an orc priest, 2 orc wizards,
PeterLawrence's ghost, 2 crimson imps, an adder, an orc and a friendly shadow
imp.

Vanquished Creatures
  Edmund (D:5)
  2 ogres
  A sky beast (D:7)
  A giant frog (D:8)
  A centaur zombie (D:5)
  A hound (D:8)
  A quasit (D:9)
  A jelly (D:7)
  An iguana (D:7)
  An orc priest (D:8)
  2 orc wizards
  2 worker ants (D:8)
  An ooze (D:2)
  An adder zombie (D:5)
  2 giant geckos
  5 orcs
  A giant cockroach (D:1)
  3 goblins
  A hobgoblin (D:1)
  2 jackals (D:1)
  A quokka (D:9)
  A giant cockroach zombie (D:5)
  A kobold (D:1)
  A quokka zombie (D:8)
  A rat (D:1)
36 creatures vanquished.

Vanquished Creatures (collateral kills)
  A hippogriff (D:8)
  An ice beast (D:5)
  An ogre (D:8)
  2 adders
  5 orcs
  A ball python (D:6)
11 creatures vanquished.

Grand Total: 47 creatures vanquished

Notes
Turn   | Place    | Note
--------------------------------------------------------------
     0 | D:1      | 4thArraOfDagon the Troll Chaos Knight began the quest for the Orb.
     0 | D:1      | Reached XP level 1. HP: 22/22 MP: 0/0
    29 | D:1      | XOM: harmless Necr miscast
    89 | D:1      | XOM: potion effect (berserk rage)
   114 | D:1      | Reached XP level 2. HP: 27/29 MP: 1/1
   175 | D:2      | XOM is BORED!
   175 | D:2      | XOM: harmless Fire miscast
   272 | D:4      | XOM: potion effect (agility)
   277 | D:4      | XOM: potion effect (haste)
   282 | D:4      | Reached XP level 3. HP: 36/36 MP: 2/2
   298 | D:5      | Entered Level 5 of the Dungeon
   347 | D:5      | Found a staircase to the Ecumenical Temple.
   351 | D:5      | Noticed Edmund
   352 | D:5      | XOM: harmless Trmt miscast
   354 | Temple   | Entered the Ecumenical Temple
   373 | Temple   | :(
   381 | D:5      | XOM: cast spell 'Blink'
   400 | D:5      | XOM: divination: magic mapping
   439 | D:5      | XOM: summons 3 friendly demons
   449 | D:5      | Killed Edmund
   449 | D:5      | Reached skill level 4 in Unarmed Combat
   449 | D:5      | Reached XP level 4. HP: 26/45 MP: 3/3
   449 | D:5      | Reached XP level 5. HP: 30/53 MP: 4/4
   467 | D:5      | Noticed an ice beast
   467 | D:5      | XOM: god gift: 9 royal jellies
   469 | D:5      | :(
   480 | D:5      | XOM: 6-stop teleportation journey
   487 | D:5      | Killed an ice beast
   633 | D:6      | XOM: summons friendly shadow imp
   638 | D:6      | XOM: polymorph quokka -> ball python
   638 | D:6      | Reached skill level 5 in Unarmed Combat
   697 | D:6      | Noticed an ogre
   719 | D:6      | XOM: enchant monster (good)
   724 | D:6      | XOM: divination: detect creatures
   725 | D:6      | XOM: summons friendly quasit
   727 | D:6      | XOM: enchant monster (good)
   734 | D:6      | XOM: smoke on damage
   738 | D:6      | Killed an ogre
   738 | D:6      | Reached XP level 6. HP: 33/61 MP: 5/5
   764 | D:6      | Noticed an ogre
   828 | D:7      | Found a sacrificial altar of Ru.
   852 | D:7      | Reached skill level 1 in Shields
   874 | D:7      | Found an iron altar of Okawaru.
   878 | D:7      | no chei
   885 | D:7      | RIP
   923 | D:7      | XOM: mild Trmt miscast
   930 | D:7      | XOM: enchant monster (good)
   939 | D:7      | Found Saczogh's Antique Weapon Emporium.
   969 | D:8      | XOM: stealth player
   969 | D:8      | Noticed a hippogriff
   978 | D:8      | XOM: summons 6 friendly demons
   980 | D:8      | XOM: divination: magic mapping
   981 | D:8      | Reached XP level 7. HP: 60/68 MP: 6/6
   988 | D:8      | Killed a hippogriff
  1036 | D:8      | XOM: swap monsters
  1090 | D:8      | Found a sparkling altar of Nemelex Xobeh.
  1158 | D:8      | Reached skill level 6 in Unarmed Combat
  1208 | D:8      | Found a blossoming altar of Fedhas.
  1255 | D:8      | no stairs
  1284 | D:9      | XOM: summons friendly quasit
  1288 | D:9      | Noticed PeterLawrence's ghost (experienced MiFi)
  1294 | D:9      | XOM: summons friendly crimson imp
  1305 | D:9      | Found Suhas's Antique Armour Boutique.
  1339 | D:9      | XOM: blink monster(s)
  1345 | D:9      | XOM: smoke on damage
  1372 | D:9      | XOM: summons 7 friendly demons
  1380 | D:9      | Gained mutation: Your muscles are strong. (Str +2) [potion of mutation]
  1380 | D:9      | Gained mutation: You are covered in thick fur (AC +2). [potion of mutation]
  1386 | D:9      | :(
  1392 | D:9      | Xom revived you
  1392 | D:9      | Mangled by a crocodile

Vault maps used:
D:1:      dpeg_arrival_simpleton_c
D:4:      first_bread, serial_shops, nicolae_shop_statue_plus
D:5:      minmay_temple_entry_junction, guppyfry_shop_venom, uniq_edmund
D:6:      lemuel_crystal_altar
D:7:      lemuel_ice_statue, kennysheep_vampire_church, hangedman_ru_absence,
          okawaru_ov_weapons_minmay, lemuel_doored_altar, serial_shops,
          nicolae_shop_trees
D:8:      minmay_diamond_stairs, lemuel_coloured_pillars_altar,
          lemuel_round_altar, uniq_prince_ribbit1
D:9:      hiddenorc1_lemuel, serial_shops, nicolae_shop_waterfront,
          grunt_pizzeria, grunt_ministairs_1
Temple:   circular_temple_12

Action                   |  1- 3 |  4- 6 |  7- 9 || total
-------------------------+-------+-------+-------++-------
Melee: Unarmed           |    44 |    44 |    55 ||   143
  Use: Potion            |     4 |     1 |     1 ||     6
       Scroll            |     1 |     3 |     2 ||     6
 Stab: Petrifying        |       |     1 |       ||     1
  Eat: Chunk             |     7 |     2 |     6 ||    15
